 Dungeon Crawl Stone Soup version 0.29.1 (webtiles) character file.

Game seed: 4057839678646669586

76 qw the Chopper (level 4, -13/28 HPs)
             Began as a Gargoyle Fighter on Sept 13, 2022.
             Blown up by Ijyb (15 damage)
             ... with a mindburst bolt
             ... on level 3 of the Dungeon.
             The game lasted 00:00:44 (1953 turns).

qw the Chopper (Gargoyle Fighter)                   Turns: 1953, Time: 00:00:45

Health: -13/28     AC: 13    Str: 19    XL:     4   Next: 32%
Magic:  4/4        EV:  7    Int:  9    God:
Gold:   72         SH:  4    Dex: 11    Spells: 3/3 levels left

rFire   . . .      SeeInvis .   Y - +0 war axe
rCold   . . .      Faith    .   c - +0 buckler
rNeg    + . .      Spirit   .   g - +0 chain mail
rPois   inf        Reflect  .   (no helmet)
rElec   +          Harm     .   e - +0 cloak
rCorr   .          Rampage  .   (no gloves)
Will    .....                   (no boots)
Stlth   ..........              k - amulet of regeneration
HPRegen 0.89/turn               (no ring)
MPRegen 0.09/turn               (no ring)

@: no status effects
A: sickness immunity, AC +3, negative energy resistance 1, electricity
resistance, torment resistance 1, petrification resistance, hooves 1, thin
skeletal structure 1, weak 1
a: no special abilities


You were on level 3 of the Dungeon.
You visited 1 branch of the dungeon, and saw 3 of its levels.

You collected 72 gold pieces.


Innate Abilities, Weirdness & Mutations

You are immune to sickness and miasma.
Your stone body is resilient. (AC +3)
You are immune to poison.
You resist negative energy. (rN+)
You are resistant to electric shocks. (rElec)
You are resistant to unholy torment.
You are immune to petrification.
You have large cloven feet.
You have a somewhat thin skeletal structure. (Dex +2, Stealth+)
You are weak. (Str -2)


   Skills:
 - Level 3.2 Fighting
 + Level 4.0 Axes
 - Level 3.2 Armour
 - Level 3.2 Shields


You had 3 spell levels left.
You didn't know any spells.
Your spell library was empty.

Inventory:

Hand Weapons
 a - the +7 mace of Shame {drain, rN+ Str-2 Dex+5}
   (You found it on level 2 of the Dungeon)

   A truly terrible weapon, it drains the life of any living foe it strikes.
   Str:       It affects your strength (-2).
   Dex:       It affects your dexterity (+5).
   rN:        It protects you from negative energy.
 Y - a +0 war axe (weapon)
Armour
 c - a +0 buckler (worn)
 e - a +0 cloak (worn)
 g - a +0 chain mail (worn)
Jewellery
 k - an amulet of regeneration (around neck)
Scrolls
 b - a scroll of poison {unknown}
Potions
 d - a potion of might
 f - a potion of mutation
 j - a potion of brilliance {unknown}

Dungeon Overview and Level Annotations

Branches:
Dungeon (3/15)

Altars:

Annotations:
D:3 Ijyb


Message History

You see here a +0 short sword.
As you open the door, it creaks loudly!
There is an open door here.
b - a scroll labelled KUDGHI AFRITUWK You see here a wand of acid (12).
Ijyb the Twisted Goblin comes into view.
She is wielding a +2 dagger of protection and carrying a wand of mindburst (5).
Ijyb shouts!
Ijyb zaps a wand.
Your mind is blasted!
1942 ||| Stepping ~*~*~tactically~*~*~ (hiding).
You start resting.
HP restored.
You start waiting.
Ijyb is nearby!
Ijyb zaps a wand.
Your mind is blasted!
Ouch! That really hurt!
Ijyb hits you but does no damage.
You closely miss Ijyb. You kick Ijyb, but do no damage.
You block Ijyb's attack. Ijyb hits you but does no damage.
You hit Ijyb.
Ijyb is moderately wounded.
Ijyb hits you but does no damage.
You barely miss Ijyb. You kick Ijyb.
Ijyb is heavily wounded.
Ijyb zaps a wand.
Your mind is blasted!
Ouch! That really hurt!
You miss Ijyb.
Ijyb is heavily wounded.
Ijyb hits you but does no damage.
Ijyb hits you with a +2 dagger of protection.
You hit Ijyb but do no damage. Your kick misses Ijyb.
Ijyb is heavily wounded.
Ijyb hits you but does no damage.
You hit Ijyb but do no damage.
Ijyb is heavily wounded.
Ijyb hits you with a +2 dagger of protection.
You closely miss Ijyb.
Ijyb is heavily wounded.
Ijyb zaps a wand.
Your mind is blasted!
Ouch! That really hurt!
You die...

##..[##...##...##
#<.}..'.%.)..}.>#
##...##...##...##
#######'#######
#/##.#..####..
#............#
######..#+##.#
#######..##
#....g@.##
#.####+##


You could see Ijyb.

Vanquished Creatures
  2 adders (D:2)
  8 bats
  2 endoplasms
  3 giant cockroaches
  3 goblins
  3 hobgoblins
  13 jackals
  2 quokkas (D:1)
  A ball python (D:2)
  4 frilled lizards
  8 kobolds
  4 rats
53 creatures vanquished.

Notes
Turn   | Place    | Note
-------+----------+-------------------------------------------
     0 | D:1      | qw the Gargoyle Fighter began the quest for the Orb.
     0 | D:1      | Reached XP level 1. HP: 14/14 MP: 1/1
     0 | D:1      | 0 ||| qw: Version: 0.1-a-119-g272c26d
     0 | D:1      | 0 ||| qw: Game counter: 11308
     0 | D:1      | 0 ||| qw: Always use a shield: true
     0 | D:1      | 0 ||| qw: God list: Okawaru
     0 | D:1      | 0 ||| qw: Allow faded altars: false
     0 | D:1      | 0 ||| qw: Do Orc after D:15 true
     0 | D:1      | 0 ||| qw: Do second Lair branch before Depths: true
     0 | D:1      | 0 ||| qw: Lair rune preference: random
     0 | D:1      | 0 ||| qw: Plans: Normal, Zot, God:TSO, Crypt, Tomb, Pan,
                  | Slime, Hells, Zig, Abyss, Orb
     0 | D:1      | 0 ||| PLANNING D:1-11
    36 | D:1      | 36 ||| Stepping ~*~*~tactically~*~*~ (stealth).
    48 | D:1      | Reached skill level 2 in Axes
    52 | D:1      | 52 ||| Stepping ~*~*~tactically~*~*~ (stealth).
    55 | D:1      | 55 ||| Stepping ~*~*~tactically~*~*~ (stealth).
    65 | D:1      | Reached XP level 2. HP: 13/19 MP: 2/2
   497 | D:1      | 497 ||| Stepping ~*~*~tactically~*~*~ (stealth).
   731 | D:1      | Reached skill level 3 in Axes
   733 | D:1      | Reached XP level 3. HP: 23/23 MP: 3/3
   792 | D:1      | 792 ||| DROPPING +0 club.
   962 | D:1      | Found a faded altar of an unknown god.
  1126 | D:1      | 1126 ||| UPGRADING to +0 chain mail.
  1136 | D:1      | 1136 ||| DROPPING +0 scale mail.
  1137 | D:1      | 1137 ||| READING scroll labelled RAENUI MIFAXUPP.
  1141 | D:1      | 1141 ||| DRINKING 2 bubbling golden potions.
  1141 | D:1      | Gained mutation: You are weak. (Str -2) [potion of
                  | mutation]
  1141 | D:1      | Gained mutation: You have a somewhat thin skeletal
                  | structure. (Dex +2, Stealth+) [potion of mutation]
  1141 | D:1      | Gained mutation: You have large cloven feet. [potion of
                  | mutation]
  1168 | D:2      | 1168 ||| Stepping ~*~*~tactically~*~*~ (stealth).
  1170 | D:2      | 1170 ||| Stepping ~*~*~tactically~*~*~ (stealth).
  1217 | D:2      | Identified the +7 mace of Shame {drain, rN+ Str-2 Dex+5}
  1219 | D:2      | 1219 ||| DROPPING +0 whip.
  1395 | D:2      | Reached XP level 4. HP: 24/28 MP: 4/4
  1552 | D:2      | 1552 ||| Stepping ~*~*~tactically~*~*~ (stealth).
  1576 | D:2      | Reached skill level 4 in Axes
  1854 | D:2      | 1854 ||| UPGRADING to +0 cloak.
  1859 | D:2      | 1859 ||| UPGRADING to amulet of regeneration.
  1864 | D:2      | 1864 ||| READING scroll labelled TUMPUENKOELU.
  1865 | D:2      | 1865 ||| READING scroll labelled IVASKUG WOMI.
  1866 | D:2      | 1866 ||| DRINKING 2 sapphire potions.
  1867 | D:2      | 1867 ||| DROPPING potion of flight.
  1941 | D:3      | Noticed Ijyb
  1942 | D:3      | 1942 ||| Stepping ~*~*~tactically~*~*~ (hiding).
  1949 | D:3      | HP: 2/28 [disintegration (16)]
  1953 | D:3      | Blown up by Ijyb

Levels and vault maps discovered:
D:1:      minmay_arrival_four_loops, layout_basic,
          shapermc_ecumenical_altar_notcrosses, nrook_campfire, st_stairs_2
D:2:      layout_loops_ring, minmay_tromino_i2
D:3:      layout_loops_ring, grunt_ministairs_5, nicolae_hexahallways,
          dk_vineyard_1, st_stairs_3, uniq_jessica, uniq_ijyb

Skill      XL: |  1  2  3  4 |
---------------+-------------+-----
Axes           | 2 3 4 |  4.0
Fighting       | |  3.2
Armour         | |  3.2
Shields        | |  3.2

Action                   |  1- 3 |  4- 6 || total
-------------------------+-------+-------++-------
Melee: War axe           |   128 |    37 ||   165
       Kick              |     8 |     8 ||    16
  Use: Scroll            |     1 |     2 ||     3
       Potion            |     1 |     1 ||     2
Armor: Scale mail        |    39 |       ||    39
       Chain mail        |    22 |    30 ||    52
Dodge: Dodged            |    56 |    12 ||    68
Block: Buckler           |    23 |    10 ||    33

Table legend:
 A = Non-vault XP
 B = Vault XP
 C = Vault XP percentage of total XP
 D = Non-vault monster count
 E = Vault monster count
 F = Vault count percentage of total count
                 A         B        C        D         E       F
            +---------+---------+-------+---------+---------+-------
      Total |      85 |      24 |  22.0 |      46 |       7 |  13.2
            +---------+---------+-------+---------+---------+-------
        D:1 |      41 |       6 |  12.8 |      26 |       3 |  10.3
        D:2 |      44 |      15 |  25.4 |      20 |       2 |   9.1
        D:3 |       0 |       3 | 100.0 |       0 |       2 | 100.0
            +---------+---------+-------+---------+---------+-------
